 Dungeon Crawl Stone Soup version 0.23-a0-4-g8f018a2 (webtiles) character file.

31033 jjfam the Carver (level 13, -11/123 HPs)
             Began as a Minotaur Berserker on July 31, 2018.
             Was a High Priest of Trog.
             Mangled by a cyan ugly thing (14 damage)
             ... on level 13 of the Dungeon.
             The game lasted 00:39:04 (12595 turns).

jjfam the Carver (Minotaur Berserker)              Turns: 12595, Time: 00:39:05

Health: -11/123    AC: 30    Str: 30    XL:     13   Next: 23%
Magic:  12/12      EV:  9    Int: 11    God:    Trog [*****.]
Gold:   1061       SH:  7    Dex: 13    Spells: 12/12 levels left

rFire    x . .     SeeInvis .   z - +8 falchion "Icvyggamm" {elec, *Rage MR+ Int+4}
rCold    + . .     Gourm    .   A - +0 buckler
rNeg     . . .     Faith    .   P - +8 plate armour of Vexation {*Drain *Slow rPois Str+6}
rPois    +         Spirit   .   (helmet restricted)
rElec    .         Reflect  .   R - scarf {cloud immunity}
rCorr    .         Harm     +   g - +1 pair of gloves
MR       +....     Rnd*Rage +   h - +2 pair of boots {Stlth+}
Stlth    ..........             G - amulet of harm
HPRegen  0.30/turn              i - ring of ice
MPRegen  0.13/turn              b - +3 ring of intelligence

@: starving
A: retaliatory headbutt, horns 2
a: Berserk, Trog's Hand, Brothers in Arms, Renounce Religion


You were on level 13 of the Dungeon.
You worshipped Trog.
Trog was extremely pleased with you.
You were starving.

You visited 1 branch of the dungeon, and saw 14 of its levels.

You collected 1061 gold pieces.

Inventory:

Hand Weapons
 a - a +0 hand axe
 j - the +8 frozen axe "Frostbite" {freezing cloud, *Noise +Fly rC+}
   (You found it on level 10 of the Dungeon)

   It has been specially enchanted to freeze those struck by it, causing extra
   injury to most foes and up to half again as much damage against particularly
   susceptible opponents.
   It can also slow down cold-blooded creatures.
   It protects you from cold.
   It lets you fly.
   It may make noises in combat.
 t - a +5 broad axe of flaming
 z - the +8 falchion "Icvyggamm" (weapon) {elec, *Rage MR+ Int+4}
   (You found it on level 4 of the Dungeon)

   Occasionally, upon striking a foe, it will discharge some electrical energy
   and cause terrible harm.
   It affects your intelligence (+4).
   It affects your resistance to hostile enchantments.
   It may make you go berserk in combat.
 H - a +6 antimagic scimitar
 I - a +0 giant club
Armour
 g - a +1 pair of gloves (worn)
 h - a +2 pair of boots of stealth (worn)
 n - +0 ice dragon scales
 q - a +0 cloak
 A - a +0 buckler (worn)
 P - the +8 plate armour of Vexation (worn) {*Drain *Slow rPois Str+6}
   (You found it on level 9 of the Dungeon)

   It affects your strength (+6).
   It protects you from poison.
   It causes draining when unequipped.
   It may slow you when you take damage.
 R - a scarf of cloud immunity (worn)
Jewellery
 b - a +3 ring of intelligence (right hand)
 i - a ring of ice (left hand)
 k - an uncursed ring of magical power
 G - an amulet of harm (around neck)
 O - a +4 ring of intelligence
Wands
 s - a wand of flame (67)
 v - a wand of acid (7)
 E - a wand of paralysis (18)
 K - a wand of iceblast (7)
 N - a wand of digging (21)
 S - a wand of random effects (18)
Scrolls
 m - 7 scrolls of remove curse
 o - 3 scrolls of teleportation
 w - 3 scrolls of magic mapping
 y - 4 scrolls of fear
 C - 3 scrolls of enchant weapon
 J - 8 scrolls of identify
 Q - a scroll of holy word {unknown}
 U - 3 scrolls of enchant armour
 V - a scroll of brand weapon {unknown}
Potions
 d - 4 potions of haste
 e - 3 potions of brilliance
 f - 5 potions of agility
 l - 9 potions of curing
 p - 5 potions of flight
 r - a potion of magic
 u - 2 potions of might {unknown}
 x - a potion of mutation {unknown}
 B - 2 potions of heal wounds
 D - a potion of invisibility
 F - 2 potions of lignification {unknown}
 L - a potion of ambrosia {unknown}
 M - 2 potions of cancellation {unknown}
Comestibles
 c - 23 rations
 T - 6 chunks of flesh


   Skills:
 + Level 13.9 Fighting
 - Level 14.0 Long Blades
 + Level 7.0 Axes
 + Level 13.0 Armour
 + Level 2.3 Dodging
 + Level 0.5 Stealth
 + Level 11.2 Shields


You had 12 spell levels left.
You didn't know any spells.
Your spell library was empty.

Dungeon Overview and Level Annotations

Branches:
Dungeon (14/15)            Temple (0/1) D:5            Lair (0/6) D:10
    Orc (0/2) D:9          Vaults (0/5) D:14

Altars:
Okawaru
Zin

Shops:
D:8 =

Portals:
Trove: D:11 (give 7 scrolls of blinking)


Innate Abilities, Weirdness & Mutations

You reflexively headbutt those who attack you in melee.
You have a pair of horns on your head.


Message History

You completely miss the cyan ugly thing.
Your headbutt misses the cyan ugly thing.
The cyan ugly thing is severely wounded.
Unknown command.
You hit the cyan ugly thing.
The cyan ugly thing is almost dead.
The cyan ugly thing stings you but does no damage.
You barely miss the cyan ugly thing.
You headbutt the cyan ugly thing, but do no damage.
The cyan ugly thing is almost dead.
The cyan ugly thing stings you!
* * * LOW HITPOINT WARNING * * *
The cyan ugly thing shocks you!
* * * LOW HITPOINT WARNING * * *
You hit the cyan ugly thing.
The cyan ugly thing is almost dead.
The cyan ugly thing kicks you!
* * * LOW HITPOINT WARNING * * *
The cyan ugly thing shocks you!
You die...

.#...#...........#...#.#.......#.
.#...#...........#...#.#.......#.
.#####...........'...#.#.......#.
.................#'###.#.......#.
.......................#.......#.
.......................#####'###.
................u................
...............uu#######.........
....############@# #####.....
....# ### #..... ....# #.....
....# #..... ....# #..... #####
######


You could see 3 ugly things.

Vanquished Creatures
  Rupert (D:14)
  6 two-headed ogres
  2 centaur warriors (D:14)
  A hydra (D:13)
  3 death yaks (D:10)
  A tengu warrior (D:14)
  2 skeletal warriors (D:14)
  A deep elf mage (D:14)
  An ugly thing (D:12)
  2 cyclopes
  2 gargoyles
  A guardian serpent (D:9)
  A rime drake (D:10)
  An efreet (D:13)
  2 guardian mummies (D:11)
  A troll (D:13)
  3 meliai (D:12)
  A polar bear (D:10)
  A hornet (D:12)
  Grinder (D:6)
  3 hippogriffs
  A spriggan (D:11)
  A redback (shapeshifter) (D:13)
  A shadow (D:12)
  3 wraiths
  11 yaks
  Sigmund (D:2)
  A wyvern (D:12)
  12 humans (D:14)
  A hungry ghost (D:12)
  2 acid dragons (D:13)
  Duvessa (D:5)
  A porcupine (D:10)
  3 sky beasts
  A water moccasin (D:10)
  3 orc warriors
  A black bear (D:10)
  A necrophage (D:10)
  5 ice beasts
  An eye of draining (D:10)
  5 ogres
  2 phantoms (D:4)
  7 centaurs
  A big kobold (D:6)
  A gnoll sergeant (D:13)
  3 bullfrogs
  A water moccasin zombie (D:7)
  A wyvern skeleton (D:14)
  Dowan (D:5)
  6 scorpions
  7 killer bees
  4 wights (D:9)
  16 howler monkeys
  3 jellies
  6 crimson imps
  2 quasits
  Crazy Yiuf (D:3)
  7 hounds
  3 bullfrog skeletons
  9 orc wizards
  5 gnoll shamans (D:5)
  3 orc priests
  4 centaur skeletons
  Terence (D:3)
  5 iguanas
  8 worker ants
  A hell rat (D:10)
  A hound zombie (D:6)
  2 hound skeletons
  A worker ant zombie (D:5)
  Robin (D:2)
  54 gnolls
  11 adders
  A river rat (D:10)
  3 shadow imps
  An adder zombie (D:10)
  3 adder skeletons
  3 worms
  3 leopard geckos
  32 orcs
  12 bats
  7 giant cockroaches
  15 goblins
  8 hobgoblins
  30 jackals
  9 quokkas
  2 ball pythons
  4 frilled lizards
  2 jackal skeletons
  A jackal zombie (D:8)
  16 kobolds
  A leopard gecko skeleton (D:6)
  2 leopard gecko zombies
  2 quokka skeletons
  8 rats
436 creatures vanquished.

Vanquished Creatures (collateral kills)
  An ice dragon (D:10)
  Urug (D:14)
  3 skeletal warriors (D:14)
  A guardian serpent (D:9)
  A tengu conjurer (D:14)
  4 humans (D:14)
  A bullfrog (D:14)
  A wight (D:9)
13 creatures vanquished.

Grand Total: 449 creatures vanquished

Notes
Turn   | Place    | Note
-------+----------+-------------------------------------------
     0 | D:1      | jjfam the Minotaur Berserker began the quest for the Orb.
     0 | D:1      | Reached XP level 1. HP: 19/19 MP: 0/0
   203 | D:1      | Reached XP level 2. HP: 27/27 MP: 1/1
   669 | D:2      | Reached XP level 3. HP: 32/33 MP: 2/2
   751 | D:2      | Noticed Sigmund
   764 | D:2      | Reached ** piety under Trog
   779 | D:2      | Killed Sigmund
   779 | D:2      | Reached skill level 5 in Fighting
   779 | D:2      | Reached skill level 5 in Axes
   779 | D:2      | Reached XP level 4. HP: 17/42 MP: 3/3
   779 | D:2      | Reached XP level 5. HP: 19/48 MP: 4/4
  1055 | D:2      | Noticed Robin
  1064 | D:2      | Killed Robin
  1779 | D:3      | Reached XP level 6. HP: 56/56 MP: 5/5
  1841 | D:3      | Found a runed door.
  1900 | D:3      | Noticed an ice beast
  1902 | D:3      | Noticed Terence
  1910 | D:3      | Killed an ice beast
  1910 | D:3      | Reached *** piety under Trog
  1910 | D:3      | Reached skill level 5 in Armour
  1912 | D:3      | Killed Terence
  2476 | D:3      | Noticed Crazy Yiuf
  2479 | D:3      | Killed Crazy Yiuf
  2518 | D:4      | Reached XP level 7. HP: 59/63 MP: 6/6
  2956 | D:4      | Got a warped falchion
  2957 | D:4      | Identified the +8 falchion "Icvyggamm" {elec, *Rage MR+ Int+4} (You found it on level 4 of the Dungeon)
  3132 | D:4      | Found a glowing silver altar of Zin.
  3183 | D:4      | Reached skill level 1 in Long Blades
  3382 | D:5      | Entered Level 5 of the Dungeon
  3468 | D:5      | Reached skill level 1 in Shields
  3485 | D:5      | Reached skill level 2 in Long Blades
  3485 | D:5      | Reached XP level 8. HP: 36/73 MP: 7/7
  3497 | D:5      | Reached **** piety under Trog
  3851 | D:5      | Reached skill level 3 in Long Blades
  3916 | D:5      | Reached skill level 4 in Long Blades
  4061 | D:5      | Reached ***** piety under Trog
  4080 | D:5      | Reached skill level 5 in Long Blades
  4509 | D:5      | Found a staircase to the Ecumenical Temple.
  4917 | D:5      | Noticed Duvessa
  4917 | D:5      | Noticed Dowan
  4922 | D:5      | Killed Duvessa
  4922 | D:5      | Reached XP level 9. HP: 73/81 MP: 8/8
  4927 | D:5      | Killed Dowan
  4927 | D:5      | Reached skill level 6 in Long Blades
  5217 | D:6      | Noticed Grinder
  5229 | D:6      | Killed Grinder
  5229 | D:6      | Reached skill level 7 in Long Blades
  5362 | D:6      | Reached skill level 5 in Shields
  5368 | D:6      | Received a gift from Trog
  5977 | D:8      | Noticed a two-headed ogre
  5982 | D:8      | Killed a two-headed ogre
  5982 | D:8      | Reached skill level 8 in Long Blades
  6097 | D:8      | Reached XP level 10. HP: 86/91 MP: 9/9
  6401 | D:8      | Found Fukk's Jewellery Shoppe.
  6419 | D:8      | Reached skill level 9 in Long Blades
  6747 | D:9      | Found an iron altar of Okawaru.
  6862 | D:9      | Noticed a guardian serpent
  6865 | D:9      | Killed a guardian serpent
  7045 | D:9      | Got an amethyst-encrusted plate armour
  7056 | D:9      | Identified the +8 plate armour of Vexation {*Drain *Slow rPois Str+6} (You found it on level 9 of the Dungeon)
  7125 | D:9      | Noticed a two-headed ogre
  7135 | D:9      | Killed a two-headed ogre
  7270 | D:9      | Noticed a two-headed ogre
  7279 | D:9      | Killed a two-headed ogre
  7279 | D:9      | Reached skill level 10 in Fighting
  7279 | D:9      | Reached skill level 10 in Long Blades
  7331 | D:9      | Noticed a guardian serpent
  7337 | D:9      | Killed a guardian serpent
  7394 | D:9      | Noticed a two-headed ogre
  7406 | D:9      | Killed a two-headed ogre
  7406 | D:9      | Reached skill level 10 in Armour
  7546 | D:9      | Found a staircase to the Orcish Mines.
  7817 | D:10     | Entered Level 10 of the Dungeon
  8144 | D:10     | Identified a scroll of acquirement
  8178 | D:10     | Found a staircase to the Lair.
  8178 | D:10     | Noticed a death yak
  8178 | D:10     | Noticed a death yak
  8213 | D:10     | Killed a death yak
  8213 | D:10     | Reached skill level 11 in Long Blades
  8213 | D:10     | Reached XP level 11. HP: 88/101 MP: 6/10
  8218 | D:10     | Noticed a death yak
  8223 | D:10     | Killed a death yak
  8229 | D:10     | Killed a death yak
  8317 | D:10     | Noticed an ice dragon
  8328 | D:10     | Killed an ice dragon
  8707 | D:10     | Found the +8 frozen axe "Frostbite" {freezing cloud, *Noise +Fly rC+}
  8759 | D:10     | Received a gift from Trog
  8945 | D:10     | Reached skill level 12 in Long Blades
  9859 | D:11     | Found a portal to a secret trove of treasure.
 10349 | D:12     | Noticed a two-headed ogre
 10353 | D:12     | Killed a two-headed ogre
 10750 | D:12     | Reached XP level 12. HP: 110/110 MP: 3/11
 10878 | D:12     | Received a gift from Trog
 10878 | D:12     | Reached skill level 13 in Long Blades
 11535 | D:13     | Noticed a four-headed hydra
 11542 | D:13     | Killed a six-headed hydra
 11604 | D:13     | Noticed a two-headed ogre
 11613 | D:13     | Killed a two-headed ogre
 11658 | D:13     | Reached skill level 10 in Shields
 12418 | D:13     | Reached skill level 14 in Long Blades
 12481 | D:14     | Found a gate to the Vaults.
 12481 | D:14     | Noticed a centaur warrior
 12481 | D:14     | Noticed Rupert
 12481 | D:14     | Noticed a centaur warrior
 12481 | D:14     | Noticed Urug
 12481 | D:14     | Noticed a tengu warrior
 12488 | D:14     | Killed a centaur warrior
 12492 | D:14     | Killed a tengu warrior
 12496 | D:14     | Received a gift from Trog
 12497 | D:14     | Killed a centaur warrior
 12504 | D:14     | Killed Rupert
 12504 | D:14     | Reached XP level 13. HP: 122/122 MP: 4/12
 12518 | D:14     | Killed Urug
 12595 | D:13     | HP: 3/123 [cyan ugly thing (8)]
 12595 | D:13     | Mangled by a cyan ugly thing

Vault maps used:
D:1:      scummos_arrival_forest
D:2:      uniq_robin, uniq_sigmund
D:3:      uniq_terence, uniq_crazy_yiuf_cottage
D:4:      zin_scriptorium, first_ration, st_stairs_9, item_on_display_a
D:5:      lemuel_castle_with_subvaults, temple_fountains, uniq_duvessa
D:6:      kennysheep_small_circle, uniq_grinder
D:7:      lemuel_round_altar
D:8:      serial_shops, shop
D:9:      nrook_guardian_serpent_snake_passage, orc_0_dummy, okawaru_gym_becter
D:10:     minmay_coctagon, dpeg_lair_monsters
D:11:     nicolae_trove_entry_path_of_doom, the_bakery
D:12:     eino_jars
D:13:     lemuel_flame_loot_1
D:14:     david_vaults_3, minmay_misc_feat_tiny, serial_shops, shop_fountains,
          einodemon_barbed_minivault

Skill      XL: |  1  2  3  4  5  6  7  8  9 10 11 12 13 |
---------------+----------------------------------------+-----
Axes           | 4 5 6 7 |  7.0
Fighting       | 4 5 6 7 8 9 10 11 13 | 13.9
Armour         | 4 5 6 7 8 10 11 12 13 | 13.0
Long Blades    | 2 5 8 11 12 14 | 14.0
Shields        | 1 4 6 7 9 10 11 | 11.2
Dodging        | |  2.3
Stealth        | |  0.5

Action                   |  1- 3 |  4- 6 |  7- 9 | 10-12 | 13-15 || total
-------------------------+-------+-------+-------+-------+-------++-------
Melee: Hand axe          |    85 |   112 |    79 |       |       ||   276
       Headbutt          |    11 |    21 |    60 |   113 |    12 ||   217
       Falchion          |       |       |   233 |    31 |    48 ||   312
       Scimitar          |       |       |       |   428 |       ||   428
Invok: Berserk           |     1 |     2 |     1 |     4 |       ||     8
       Trog's Hand       |       |       |     1 |       |       ||     1
       Brothers in Arms  |       |       |       |     5 |       ||     5
  Use: Scroll            |       |       |       |    18 |       ||    18
       Potion            |       |       |       |       |     1 ||     1
 Stab: Distracted        |       |       |       |       |     1 ||     1
  Eat: Chunk             |       |     6 |    15 |    19 |       ||    40
       Ration            |       |       |       |     2 |       ||     2
Armor: Chain mail        |    48 |    80 |   241 |       |       ||   369
       Animal skin       |     1 |       |       |       |       ||     1
       Plate armour      |       |       |    12 |   254 |    33 ||   299
Dodge: Dodged            |    42 |    53 |   197 |   189 |    18 ||   499
Block: Buckler           |       |       |    69 |   122 |    10 ||   201
       Rpst.: Falchion   |       |       |    30 |     7 |     7 ||    44
       Scimitar          |       |       |       |    49 |       ||    49

Table legend:
 A = Spawn XP
 B = Non-spawn XP
 C = Spawn XP percentage of total XP
 D = Spawn monster count
 E = Non-spawn monster count
 F = Spawn count percentage of total count
 G = Total turns spent on level
                    A         B        C        D         E        F      G
               +---------+---------+-------+---------+---------+-------+---------
         Total |       0 |   44333 |   0.0 |       0 |     449 |   0.0 | 12595
               +---------+---------+-------+---------+---------+-------+---------
           D:1 |       0 |      38 |   0.0 |       0 |      23 |   0.0 |   663
           D:2 |       0 |     306 |   0.0 |       0 |      38 |   0.0 |   761
           D:3 |       0 |     268 |   0.0 |       0 |      24 |   0.0 |  1076
           D:4 |       0 |     670 |   0.0 |       0 |      24 |   0.0 |   882
           D:5 |       0 |    1844 |   0.0 |       0 |      87 |   0.0 |  1682
           D:6 |       0 |    1067 |   0.0 |       0 |      31 |   0.0 |   585
           D:7 |       0 |     126 |   0.0 |       0 |       3 |   0.0 |   289
           D:8 |       0 |    2200 |   0.0 |       0 |      21 |   0.0 |   807
           D:9 |       0 |    4043 |   0.0 |       0 |      21 |   0.0 |  1383
          D:10 |       0 |    7281 |   0.0 |       0 |      49 |   0.0 |  1285
          D:11 |       0 |    1619 |   0.0 |       0 |      24 |   0.0 |   936
          D:12 |       0 |    5859 |   0.0 |       0 |      31 |   0.0 |  1149
          D:13 |       0 |    6634 |   0.0 |       0 |      39 |   0.0 |   997
          D:14 |       0 |   12378 |   0.0 |       0 |      34 |   0.0 |   100
               +---------+---------+-------+---------+---------+-------+---------
